 Dungeon Crawl Stone Soup version 0.28-a0-511-gcc94558de3 (webtiles) character file.

Game seed: 7823248076921054214

11783 Zenkrye the Fighter (level 12, -16/99 HPs)
             Began as a Djinni Fire Elementalist on Sept 21, 2021.
             Was a Believer of Makhleb.
             Killed from afar by a frost giant (58 damage)
             ... with a bolt of cold
             ... on level 11 of the Dungeon.
             The game lasted 00:31:04 (12964 turns).

Zenkrye the Fighter (Djinni Fire Elementalist)     Turns: 12964, Time: 00:31:04

Health: -16/99     AC:  5    Str:  7    XL:     12   Next: 12%
Gold:   430        EV: 22    Int: 24    God:    Makhleb [**....] SH:  0 Dex: 15

rFire   + + .      SeeInvis .   w - +7 falchion of Fedhas's Displeasure {freeze, rC+ Will- Int+3}
rCold   . . .      Faith    .   (no shield)
rNeg    . . .      Spirit   .   a - +1 robe
rPois   ∞          Reflect  .   g - +2 hat
rElec   .          Harm     .   (no cloak)
rCorr   .          Rampage  .   (no gloves)
Will    .....                   (boots unavailable)
Stlth   ++........              (no amulet)
HPRegen 0.26/turn               v - +4 ring of evasion
MPRegen 0.00/turn               (no ring)

@: flying
A: sickness immunity, fire resistance 2, cold vulnerability 1, float, innate
caster, hp casting, extra vitality 1
a: Renounce Religion, Minor Destruction


You were on level 11 of the Dungeon.
You worshipped Makhleb.
Makhleb was pleased with you.
You visited 2 branches of the dungeon, and saw 12 of its levels.

You collected 430 gold pieces.

Inventory:

Hand Weapons
 w - the +7 falchion of Fedhas's Displeasure (weapon) {freeze, rC+ Will- Int+3}
   (You found it on level 7 of the Dungeon)

   It freezes those it strikes, dealing additional cold damage.
   It can also slow down cold-blooded creatures.
   Int:       It affects your intelligence (+3).
   rC:        It protects you from cold.
   Will:      It decreases your willpower.
Missiles
 n - 7 boomerangs
Armour
 a - a +1 robe (worn)
 g - a +2 hat (worn)
 j - a +3 ring mail of fire resistance
 A - a +0 troll leather armour
Magical Staves
 y - a staff of air
Jewellery
 f - a ring of fire
 u - a ring of fire
 v - a +4 ring of evasion (left hand)
Wands
 h - a wand of digging (4) {@v1}
 m - a wand of paralysis (15)
 o - a wand of flame (11)
 r - a wand of charming (8)
 x - a wand of iceblast (8) {@v4}
Scrolls
 b - a scroll of torment {unknown}
 c - a scroll of enchant armour
 e - a scroll of immolation
 i - 2 scrolls of identify {@r1}
 q - 2 scrolls of fear
 s - a scroll of blinking {@r4}
 z - a scroll of teleportation {@r3}
Potions
 d - 2 potions of brilliance
 k - 3 potions of haste {@q3}
 l - a potion of heal wounds {@q2}
 p - 4 potions of curing {@q1}
 t - a potion of might {@q4}


   Skills:
 + Level 13.9 Fighting
 + Level 11.9 Dodging
 - Level 1.5 Stealth
 + Level 8.7 Spellcasting


You couldn't memorise any spells.
You knew the following spells:

 Your Spells              Type           Power      Damage    Failure   Level
a - Foxfire               Conj/Fire      100%       2x1d9     1%          1
b - Scorch                Fire           100%       2d10      1%          2
c - Conjure Flame         Conj/Fire      51%        6-21      1%          3
d - Inner Flame           Hex/Fire       51%        N/A       1%          3
e - Flame Wave            Conj/Fire      51%        3d10      1%          4
f - Summon Small Mammal   Summ           100%       N/A       1%          1
g - Slow                  Hex            51%        N/A       1%          2
h - Summon Guardian Gole  Hex/Summ       51%        N/A       1%          3
i - Hailstorm             Conj/Ice       51%        3d11      1%          4
l - Silence               Hex/Air        25%        N/A       4%          5
Your spell library was empty.

Dungeon Overview and Level Annotations

Branches:
Dungeon (11/15)            Temple (1/1) D:7            Lair (0/6) D:8
    Orc: D:9-12

Altars:
Ashenzari
Dithmenos
Elyvilon
Gozag
Kikubaaqudgha
Makhleb
Qazlal
Sif Muna
Trog
Uskayaw
Vehumet
Wu Jian
Xom

Shops:
D:1 !   D:8 ?

Annotations:
D:2 1 runed translucent door, Crazy Yiuf, Terence
D:7 1 transporter, Dittersdorf's ghost, novice GrFi
D:10 Josephine


Innate Abilities, Weirdness & Mutations

You are immune to sickness and miasma.
You are immune to poison.
Your flesh is very heat resistant. (rF++)
You are vulnerable to cold. (rC-)
You float through the air rather than walking.
You learn spells naturally, not from books.
Your magical power is your life essence.
You have superior vitality. (+4 HP)


Message History

Casting: Scorch (safe; 1% risk of failure)
Confirm with . or Enter, or press ? or * to list all spells.
Flames lash the black mamba.
The black mamba is moderately wounded.
The black mamba's fire resistance burns away.
The black mamba completely misses your guardian golem.
Casting: Scorch (safe; 1% risk of failure)
Confirm with . or Enter, or press ? or * to list all spells.
Flames lash the frost giant.
The frost giant is lightly wounded.
The frost giant's fire resistance burns away.
Casting: Scorch (safe; 1% risk of failure)
Confirm with . or Enter, or press ? or * to list all spells.
Flames lash the frost giant but do no damage.
The black mamba bites your guardian golem!
The frost giant barely misses your guardian golem.
Casting: Scorch (safe; 1% risk of failure)
Confirm with . or Enter, or press ? or * to list all spells.
Flames lash the black mamba.
The black mamba is burned terribly!
The black mamba is almost dead.
The black mamba bites your guardian golem. x2
The frost giant hits your guardian golem with a +1 battleaxe of freezing!!!
The frost giant freezes your guardian golem.
Your guardian golem is destroyed!
Your guardian golem disappears in a puff of smoke!
Casting: Scorch (safe; 1% risk of failure)
Confirm with . or Enter, or press ? or * to list all spells.
A guardian golem appears, shielding your allies.
The frost giant is no longer more vulnerable to fire.
Casting: Summon Guardian Golem (safe; 1% risk of failure)
Confirm with . or Enter, or press ? or * to list all spells.
Flames lash the frost giant.
The frost giant is lightly wounded.
The frost giant's fire resistance burns away.
The frost giant casts a spell at you.
The bolt of cold hits your guardian golem!!
Your guardian golem resists.
The bolt of cold hits you!!!
Ouch! That really hurt!
You die...

.))................#
..)................#
.#
...................#
...#
....B9..###........#
... .....)..#
#........#####'###
####..###
#.................
#..#
#................
#..# ##9.C...# #.#.
#@###...# #.##
##..#...# #..
#####.# #†#
#####.#######
#####...§S....... .
#.......†........
##...C..........
#..............


You could see a frost giant (combustible, ally target) and a friendly guardian
golem (summoned).

Vanquished Creatures
  Snorg (D:10)
  A two-headed ogre (D:10)
  A deep troll earth mage (D:11)
  2 flayed ghosts (D:11)
  Pikel (D:8)
  A gargoyle (D:11)
  An unseen horror (D:9)
  2 wraiths (D:10)
  2 shadows
  8 yaks (D:11)
  A vampire mosquito (D:11)
  A water moccasin (D:5)
  An ice beast (D:4)
  A black bear (D:6)
  2 necrophages
  2 ogres
  2 orc warriors (D:9)
  2 centaurs (D:8)
  A phantom (D:4)
  A kobold brigand (D:9)
  A gnoll sergeant (D:9)
  A bullfrog (D:9)
  A scorpion (D:4)
  A wyvern skeleton (D:7)
  7 killer bees
  3 wights
  2 howler monkeys
  A jelly (D:7)
  4 hounds
  A gnoll shaman (D:10)
  7 orc priests
  A bullfrog skeleton (D:5)
  Ijyb (D:4)
  4 iguanas
  7 orc wizards
  Natasha (thrice) (D:3)
  A killer bee zombie (D:6)
  A hound skeleton (D:4)
  2 howler monkey zombies
  6 gnolls
  8 adders
  A shadow imp (D:7)
  2 ufetubi (D:6)
  An adder skeleton (D:4)
  2 worms
  3 dart slugs
  36 orcs
  6 ball pythons
  4 bats
  5 endoplasms
  3 giant cockroaches
  7 goblins
  8 hobgoblins
  3 jackals (D:1)
  9 kobolds
  2 quokkas
  A frilled lizard (D:3)
  2 rats
192 creatures vanquished.

Vanquished Creatures (others)
  A boulder beetle (D:11)
  A two-headed ogre (D:10)
  A skeletal warrior (D:11)
  A cyclops (D:11)
  A gargoyle (D:9)
  A hornet (D:10)
  A wyvern (D:9)
  A vampire (D:11)
  An ogre (D:6)
  A water moccasin skeleton (D:6)
  355 foxfires
365 creatures vanquished.

Grand Total: 557 creatures vanquished

Notes
Turn   | Place    | Note
-------+----------+-------------------------------------------
     0 | D:1      | Zenkrye the Djinni Fire Elementalist began the quest for
                  | the Orb.
     0 | D:1      | Reached XP level 1. HP: 15/15 MP: 0/0
   650 | D:1      | Found Dalutas's Distillery.
   656 | D:1      | Reached XP level 2. HP: 21/22 MP: 0/0
   928 | D:1      | Reached skill level 1 in Fighting
  1397 | D:2      | Reached XP level 3. HP: 24/27 MP: 0/0
  1397 | D:2      | Learned a level 1 spell: Summon Small Mammal
  1781 | D:2      | Found a runed translucent door.
  1782 | D:2      | Noticed Crazy Yiuf
  1922 | D:2      | Reached XP level 4. HP: 32/33 MP: 0/0
  2197 | D:2      | Noticed Terence
  2418 | D:3      | Reached skill level 2 in Fighting
  2550 | D:3      | Noticed Natasha
  2557 | D:3      | Killed Natasha
  2558 | D:3      | Reached XP level 5. HP: 20/39 MP: 0/0
  2558 | D:3      | Learned a level 2 spell: Slow
  2596 | D:3      | Noticed Natasha
  2602 | D:3      | Killed Natasha
  2707 | D:3      | Noticed Natasha
  2713 | D:3      | Killed Natasha
  3142 | D:3      | Identified a scroll of acquirement
  3142 | D:3      | Acquired a manual of Fighting
  3188 | D:4      | Noticed a phantom
  3255 | D:4      | Reached skill level 3 in Fighting
  3255 | D:4      | Reached XP level 6. HP: 37/46 MP: 0/0
  3427 | D:4      | Noticed an ice beast
  3449 | D:4      | Killed an ice beast
  3450 | D:4      | Reached skill level 4 in Fighting
  3559 | D:4      | Noticed an ogre
  3578 | D:4      | Killed an ogre
  3579 | D:4      | Reached XP level 7. HP: 39/53 MP: 0/0
  3579 | D:4      | Learned a level 3 spell: Summon Guardian Golem
  3665 | D:4      | Reached skill level 5 in Dodging
  3773 | D:4      | Noticed Ijyb
  3800 | D:4      | Killed Ijyb
  3801 | D:4      | Reached skill level 5 in Fighting
  4511 | D:4      | Reached XP level 8. HP: 52/61 MP: 0/0
  4784 | D:5      | Entered Level 5 of the Dungeon
  4809 | D:5      | Reached skill level 6 in Fighting
  5391 | D:5      | Reached skill level 7 in Fighting
  6291 | D:6      | Reached skill level 5 in Spellcasting
  6409 | D:6      | Reached XP level 9. HP: 47/70 MP: 0/0
  6409 | D:6      | Learned a level 4 spell: Hailstorm
  6626 | D:6      | Reached skill level 8 in Fighting
  7357 | D:7      | Identified the +7 falchion of Fedhas's Displeasure {freeze,
                  | rC+ Will- Int+3}
  7423 | D:7      | Found a transporter.
  7425 | D:7      | Noticed Dittersdorf's ghost (novice GrFi)
  7707 | D:7      | Found a staircase to the Ecumenical Temple.
  7722 | Temple   | Entered the Ecumenical Temple
  7731 | Temple   | Became a worshipper of Makhleb the Destroyer
  8172 | D:8      | Found a staircase to the Lair.
  8210 | D:8      | Reached skill level 9 in Fighting
  8379 | D:8      | Found Fianwixzown's Magic Scroll Emporium.
  8575 | D:8      | Noticed Pikel
  8587 | D:8      | Killed Pikel
  8588 | D:8      | Reached skill level 10 in Fighting
  8588 | D:8      | Reached XP level 10. HP: 61/80 MP: 0/0
  8997 | D:9      | Noticed a gargoyle
  9013 | D:9      | Killed a gargoyle
  9210 | D:9      | Reached skill level 11 in Fighting
  9214 | D:9      | Reached * piety under Makhleb
  9860 | D:9      | Killed an unseen horror
 10209 | D:10     | Entered Level 10 of the Dungeon
 10316 | D:10     | Found a stormy altar of Qazlal.
 10336 | D:10     | Noticed a two-headed ogre
 10349 | D:10     | Killed a two-headed ogre
 10349 | D:10     | Noticed Snorg
 10351 | D:10     | Reached skill level 12 in Fighting
 10355 | D:10     | Noticed a two-headed ogre
 10361 | D:10     | Killed Snorg
 10361 | D:10     | Noticed Josephine
 10362 | D:10     | Reached skill level 10 in Dodging
 10362 | D:10     | Reached XP level 11. HP: 11/90 MP: 0/0
 10362 | D:10     | Learned a level 5 spell: Silence
 10723 | D:10     | Killed a two-headed ogre
 10731 | D:10     | Noticed a cyclops
 11120 | D:10     | Reached skill level 13 in Fighting
 11476 | D:11     | Noticed a boulder beetle
 11753 | D:11     | Noticed a boulder beetle
 11786 | D:11     | Killed a boulder beetle
 12053 | D:11     | Noticed a flayed ghost
 12061 | D:11     | Noticed a flayed ghost
 12062 | D:11     | Killed a flayed ghost
 12069 | D:11     | Killed a flayed ghost
 12070 | D:11     | Noticed a cyclops
 12315 | D:11     | Noticed a skeletal warrior
 12320 | D:11     | Killed a skeletal warrior
 12339 | D:11     | Killed a cyclops
 12446 | D:11     | Reached ** piety under Makhleb
 12586 | D:11     | Reached XP level 12. HP: 66/99 MP: 0/0
 12927 | D:11     | Noticed a deep troll earth mage
 12940 | D:11     | Killed a deep troll earth mage
 12946 | D:11     | Noticed a frost giant
 12964 | D:11     | Killed from afar by a frost giant

Illustrated notes

Levels and vault maps discovered:
D:1:      tarquinn_simple_flora_water_d, layout_basic, serial_shops,
          shop_fountains, amcnicky_mini_pool_small
D:2:      layout_loops_ring, dilly_ecumenical_altar_fadedgnrine, uniq_terence,
          uniq_crazy_yiuf_cottage
D:3:      layout_rooms, corexii_shack, uniq_natasha
D:4:      layout_loops_ring, uniq_ijyb
D:5:      layout_loops_corners
D:6:      layout_loops_ring
D:7:      layout_loops_ring, minmay_temple_entry_statues_fountains,
          gammafunk_ghost_smash
D:8:      layout_cave_pools, lair_entry_dummy, serial_shops, nicolae_shop_trees,
          uniq_pikel
D:9:      layout_basic, kennysheep_potato
D:10:     layout_loops_ring, old_standard_altar, uniq_snorg, uniq_josephine
D:11:     minmay_chopped_fan, layout_irregular_city
Temple:   grunt_wide_crystal_templ

Skill      XL: |  1  2  3  4  5  6  7  8  9 10 11 |
---------------+----------------------------------+-----
Fighting       | 1 2 3 4 5 7 10 12 13 | 13.9
Dodging        | 3 4 5 6 8 10 11 | 11.9
Spellcasting   | 3 4 5 6 7 8 |  8.7
Stealth        | |  1.5

Action                   |  1- 3 |  4- 6 |  7- 9 | 10-12 || total
-------------------------+-------+-------+-------+-------++-------
Melee: Falchion          |       |       |       |     5 ||     5
 Cast: Foxfire           |    45 |    49 |    71 |    53 ||   218
       Scorch            |     8 |    33 |   123 |   130 ||   294
       Slow              |       |     4 |     3 |     6 ||    13
       Conjure Flame     |       |     1 |       |     7 ||     8
       Summon Guardian G |       |       |     8 |    20 ||    28
       Summon Small Mamm |       |       |     1 |     1 ||     2
       Flame Wave        |       |       |     1 |     5 ||     6
       Hailstorm         |       |       |       |    11 ||    11
       Inner Flame       |       |       |       |     5 ||     5
  Use: Scroll            |       |     6 |     9 |     8 ||    23
       Potion            |       |       |       |     1 ||     1
Armor: Robe              |     2 |     1 |     5 |     2 ||    10
Dodge: Dodged            |     6 |     3 |    33 |    44 ||    86

Table legend: (Time is in decaauts)
 A = Elapsed time spent in this place.
 B = Non-inter-level travel time spent in this place.
 C = Inter-level travel time spent in this place.
 D = Time resting spent in this place.
 E = Time spent auto-exploring this place.
 F = Levels seen in this place.
 G = Mean time per level.
                   A        B        C        D        E       F      G
               +--------+--------+--------+--------+--------+-----+--------+
         Total |  12967 |  12539 |    428 |   1839 |   9114 |  12 | 1080.6 |
       Dungeon |  12948 |  12528 |    420 |   1839 |   9114 |  11 | 1177.1 |
        Temple |     18 |     10 |      8 |      0 |      0 |   1 |   18.0 |
               +--------+--------+--------+--------+--------+-----+--------+

Top non-repeatable levels by time:
     D:9: 1867 daAuts
     D:4: 1557 daAuts
    D:11: 1523 daAuts
     D:1: 1371 daAuts
     D:5: 1328 daAuts
     D:3: 1001 daAuts
     D:6: 948 daAuts
     D:7: 890 daAuts
     D:2: 853 daAuts
     D:8: 840 daAuts
    D:10: 767 daAuts
  Temple: 18 daAuts
